 Dungeon Crawl Stone Soup version 0.28-a0-8-g6e044cfa68 (webtiles) character file.

Game seed: 3326028931260197607

15806 gimp the Basher (level 12, -6/86 HPs)
             Began as a Formicid Wanderer on July 24, 2021.
             Was a High Priest of Okawaru.
             Mangled by a minotaur (11 damage)
             ... in a Gauntlet.
             The game lasted 00:29:29 (16561 turns).

gimp the Basher (Formicid Wanderer)                Turns: 16561, Time: 00:29:29

Health: -6/86      AC: 16    Str: 31    XL:     12   Next: 62%
Magic:  12/17      EV: 11    Int: 11    God:    Okawaru [*****.]
Gold:   497        SH: 13    Dex:  7    Spells: 11/11 levels left

rFire   . . .      SeeInvis +   a - +0 dire flail
rCold   . . .      Faith    .   e - +0 kite shield
rNeg    . . .      Spirit   .   i - +4 ring mail
rPois   .          Reflect  .   (helmet unavailable)
rElec   .          Harm     .   k - scarf {+Inv}
rCorr   +          Rampage  .   I - +0 pair of gloves
Will    ++...                   M - +2 pair of boots {Fly}
Stlth   +.........              (no amulet)
HPRegen 0.24/turn               F - ring of willpower
MPRegen 0.15/turn               L - ring of Xom's Bemusement {rCorr Str+10 Dex-5}

@: finesse-ful, flying
A: permanent stasis, dig shafts and tunnels, antennae 3, four strong arms
a: Dig, Renounce Religion, Evoke Invisibility, Heroism, Finesse


You were in a Gauntlet.
You worshipped Okawaru.
Okawaru was extremely pleased with you.
You visited 2 branches of the dungeon, and saw 13 of its levels.
You also visited: Sewer and Gauntlet.

You collected 652 gold pieces.
You spent 155 gold pieces at shops.

Inventory:

Hand Weapons
 a - a +0 dire flail (weapon)
 b - a +1 vorpal flail
 f - a +0 longbow
 y - a +0 shortbow
Missiles
 j - 26 poisoned darts (quivered)
 p - 104 arrows
 u - 8 atropa-tipped darts
 B - 2 curare-tipped darts
Armour
 e - a +0 kite shield (worn)
 i - a +4 ring mail (worn)
 k - a scarf of invisibility (worn)
 o - a +0 plate armour
 I - a +0 pair of gloves (worn)
 J - +0 acid dragon scales
 M - a +2 pair of boots of flying (worn)
Jewellery
 h - a ring of flight
 F - a ring of willpower (left hand)
 K - an amulet of the acrobat
 L - the ring of Xom's Bemusement (right hand) {rCorr Str+10 Dex-5}
   (You found it in a Gauntlet)

   [ring of resist corrosion]

   Str:       It affects your strength (+10).
   Dex:       It affects your dexterity (-5).
   rCorr:     It protects you from acid and corrosion.
Wands
 w - a wand of acid (4)
 z - a wand of flame (54)
 D - a wand of paralysis (19)
 G - a wand of polymorph (9)
Scrolls
 m - 3 scrolls of enchant weapon
 q - 4 scrolls of enchant armour
 r - 2 scrolls of fog
 A - 2 scrolls of identify
 H - a scroll of summoning
Potions
 d - 6 potions of flight
 l - 6 potions of curing
 n - a potion of invisibility
 s - a potion of resistance
 t - 3 potions of magic
 v - 2 potions of mutation
 C - 2 potions of ambrosia
 E - 2 potions of cancellation


   Skills:
 - Level 5.0 Fighting
 * Level 12.6(12.7) Maces & Flails
 - Level 3.0(8.8) Staves
 + Level 9.5 Armour
 - Level 3.0 Dodging
 - Level 1.2 Stealth
 + Level 11.3 Shields
 + Level 7.1 Invocations


You had 11 spell levels left.
You didn't know any spells.
Your spell library contained the following spells:

 Spells                   Type           Power      Damage    Failure   Level
 Magic Dart               Conj           0%         1d3       43%         1
 Passwall                 Tmut/Erth      0%         N/A       56%         2
 Searing Ray              Conj           0%         3d3       56%         2
 Gell's Gravitas          Tloc           0%         N/A       80%         3
 Lesser Beckoning         Tloc           0%         N/A       80%         3
 Summon Guardian Golem    Hex/Summ       0%         N/A       80%         3
 Teleport Other           Tloc           0%         N/A       80%         3
 Fulminant Prism          Conj/Hex       0%         3d6       99%         4
 Iskenderun's Mystic Bla  Conj/Tloc      0%         2d3       99%         4
 Lee's Rapid Deconstruct  Erth           0%         3d5*      100%        5
 Manifold Assault         Tloc           0%         N/A       100%        5
 Summon Forest            Summ/Tloc      0%         N/A       100%        5
 Summon Mana Viper        Hex/Summ       0%         N/A       100%        5
 Invisibility             Hex            0%         N/A       100%        6
 Shadow Creatures         Summ           N/A        N/A       100%        6
 Orb of Destruction       Conj           0%         N/A       100%        7
 Spellforged Servitor     Conj/Summ      0%         N/A       100%        7
 Blink                    Tloc           Unusable   N/A       N/A         2
 Swiftness                Air            Unusable   N/A       N/A         3

Dungeon Overview and Level Annotations

Branches:
Dungeon (12/15)            Temple (1/1) D:7            Lair (0/6) D:11
    Orc (0/2) D:9           Sewer (visited)         Gauntlet (1/1)

Altars:
Ashenzari
Cheibriados
Dithmenos
Elyvilon
Fedhas
Gozag
Hepliaklqana
Kikubaaqudgha
Makhleb
Nemelex Xobeh
Okawaru
Qazlal
Ru
Sif Muna
Trog
Uskayaw
Vehumet
Wu Jian
Xom
Yredelemnul
Zin
The Shining One

Shops:
D:3 !   D:10 :

Annotations:
D:2 Sigmund Gauntlet 4 transporters


Innate Abilities, Weirdness & Mutations

You cannot be hasted, slowed, berserked, paralysed or teleported.
You can dig through walls and to a lower floor.
You have a pair of large antennae on your head. (SInv)
Your four strong arms can wield two-handed weapons with a shield.


Message History

* * * LOW HITPOINT WARNING * * *
You take 35 damage, and have 9/86 hp.
MASSIVE DAMAGE!!
You feel much better.
The minotaur hits you with a +0 hand axe!!
* * * LOW HITPOINT WARNING * * *
You block the minotaur's attack.
You take 5 damage, and have 4/86 hp.
You feel much better. You block the minotaur's attack. The minotaur gores you.
You regained 30 hp, and now have 34/86 hp.
You feel much better.
The minotaur hits you with a +0 hand axe!!
* * * LOW HITPOINT WARNING * * *
You block the minotaur's attack.
You take 10 damage, and have 24/86 hp.
Aiming: Paralyse
Press: ? - help, Shift-Dir - straight line, f - minotaur
Aim: a minotaur, wielding a +0 hand axe, wearing a +0 chain mail, wearing the ring of the Tortoise {AC+8} and quivering silver javelins (lightly wounded, chance to affect: 1%)
Okay, then.
Aiming: Corrosive Bolt
Press: ? - help, Shift-Dir - straight line, f - minotaur
Aim: a minotaur, wielding a +0 hand axe, wearing a +0 chain mail, wearing the ring of the Tortoise {AC+8} and quivering silver javelins (lightly wounded, 83% to hit)
The bolt of acid hits the minotaur.
The minotaur is splashed with acid.
The acid corrodes the minotaur!
The minotaur is moderately wounded.
The minotaur hits you with a +0 hand axe!!
* * * LOW HITPOINT WARNING * * *
The minotaur gores you but does no damage.
You take 20 damage, and have 4/86 hp.
MASSIVE DAMAGE!!
As you read the scroll of fear, it crumbles to dust.
You assume a fearsome visage.
The minotaur resists with some effort.
You block the minotaur's attack. The minotaur barely misses you.
Aiming: Corrosive Bolt
Press: ? - help, Shift-Dir - straight line, f/p - minotaur
Aim: a minotaur, wielding a +0 hand axe, wearing a +0 chain mail, wearing the ring of the Tortoise {AC+8} and quivering silver javelins (moderately wounded, covered in acid, 83% to hit)
The bolt of acid hits the minotaur!
The minotaur is splashed with acid.
The minotaur seems to be corroded for longer.
The minotaur is moderately wounded.
You feel like a meek peon again. You block the minotaur's attack.
The minotaur gores you!
You die...

## ...##.##...#...#8..
.. #.##......#.8.#©..
#.##....##.8.#.⌠.#8..
...##.##.©.#.8.####
#.##....8.#...#..!
#....##.©.#...#.#G
######.##.##.8.#.8.#.GP
#∩...H.##....©.#.∩.#.#.
######@...##.8.#.8.#..Y
#....##.##.©.#...#.⌠Y
#....##.##....8.#...#...
..## #....##.©.#.8.####
..##.##.8.#.⌠.#8.. #.#
......#.8.#©.. #..
.##...#...#8.. ###
#≈≈≈#...####
##≈###..#...


You could see a minotaur (corroded).

Vanquished Creatures
  4 death yaks
  A death drake (Gauntlet)
  A wolf spider zombie (Gauntlet)
  Pikel (D:8)
  A manticore (D:12)
  A spectral centaur (Gauntlet)
  A rust devil (Gauntlet)
  A water nymph (shapeshifter) (Gauntlet)
  Maggie (D:6)
  An unseen horror (D:11)
  A redback zombie (Gauntlet)
  4 trolls
  A hornet (D:9)
  3 slime creatures (D:12)
  5 shadows
  2 water elementals (D:12)
  A wraith (D:11)
  14 yaks
  A ynoxinul (Gauntlet)
  An acid dragon (D:10)
  3 ice beasts
  5 orc warriors
  A hornet zombie (D:7)
  8 ogres
  2 centaurs
  4 kobold brigands
  5 bullfrogs
  3 gnoll sergeants (D:9)
  2 scorpions (D:6)
  6 killer bees (D:8)
  An electric eel (D:9)
  6 howler monkeys
  5 centaur zombies
  2 orc priests
  A gnoll shaman (D:6)
  2 hounds
  3 centaur skeletons
  An iguana (D:6)
  3 iron imps (Gauntlet)
  3 bullfrog skeletons
  Natasha (twice) (D:2)
  12 orc wizards
  A killer bee zombie (D:7)
  A howler monkey zombie (D:9)
  12 gnolls
  A howler monkey skeleton (D:5)
  7 adders
  8 river rats (Sewer)
  A white imp (D:6)
  An adder skeleton (D:4)
  3 worms
  32 orcs
  3 bats
  7 endoplasms
  2 giant cockroaches
  7 goblins
  A hobgoblin (D:2)
  3 jackals (D:3)
  5 quokkas
  19 ball pythons
  5 frilled lizards
  22 kobolds
  27 rats
294 creatures vanquished.

Vanquished Creatures (others)
  4 demonic plants (Gauntlet)
  30 plants (D:9)
34 creatures vanquished.

Grand Total: 328 creatures vanquished

Notes
Turn   | Place    | Note
-------+----------+-------------------------------------------
     0 | D:1      | gimp the Formicid Wanderer began the quest for the Orb.
     0 | D:1      | gimp set off with the following items: a +2 quarterstaff, 2
                  | potions of lignification, a +0 robe
     0 | D:1      | Reached XP level 1. HP: 18/18 MP: 1/1
   333 | D:1      | Reached XP level 2. HP: 23/24 MP: 2/2
  1077 | D:2      | Reached XP level 3. HP: 15/30 MP: 3/3
  1449 | D:2      | Found a faded altar of an unknown god.
  1637 | D:2      | Noticed Natasha
  1644 | D:2      | Killed Natasha
  1645 | D:2      | Reached XP level 4. HP: 27/37 MP: 4/4
  1701 | D:2      | Noticed Natasha
  1719 | D:2      | Killed Natasha
  1960 | D:2      | Reached XP level 5. HP: 43/43 MP: 5/5
  2104 | D:2      | Noticed Sigmund
  2116 | D:2      | You fall into a shaft and drop 2 floors!
  2480 | D:4      | Found Zin's Purification Station.
  2483 | D:4      | Found a glowing silver altar of Zin.
  2486 | D:4      | Bought a potion of curing for 90 gold pieces
  2540 | D:3      | Found Ogrodecs's Distillery.
  2651 | D:3      | Found a glowing drain.
  2676 | Sewer    | Entered a sewer
  2792 | Sewer    | Reached XP level 6. HP: 49/49 MP: 6/6
  2828 | Sewer    | Reached skill level 1 in Maces & Flails
  3475 | Sewer    | Reached skill level 5 in Fighting
  3475 | Sewer    | Reached skill level 2 in Maces & Flails
  3512 | Sewer    | Reached XP level 7. HP: 51/56 MP: 7/7
  3815 | D:3      | Reached skill level 3 in Maces & Flails
  3892 | D:3      | Found a radiant altar of Vehumet.
  4244 | D:3      | Bought a potion of heal wounds for 65 gold pieces
  4778 | D:5      | Entered Level 5 of the Dungeon
  4809 | D:5      | Noticed an air elemental
  4812 | D:5      | Found a stormy altar of Qazlal.
  4814 | D:5      | Noticed a fire elemental
  4814 | D:5      | Noticed a water elemental
  4864 | D:5      | Reached skill level 4 in Maces & Flails
  4915 | D:5      | Reached skill level 5 in Shields
  4915 | D:5      | Reached XP level 8. HP: 27/62 MP: 8/8
  5210 | D:5      | Reached skill level 5 in Armour
  5291 | D:5      | Found a broken altar of Ashenzari.
  5345 | D:5      | Reached skill level 5 in Maces & Flails
  5450 | D:5      | Found a snail-covered altar of Cheibriados.
  5491 | D:5      | Found a blossoming altar of Fedhas.
  5633 | D:6      | Found an opulent altar of Gozag.
  6039 | D:6      | Noticed Maggie
  6135 | D:6      | Reached skill level 6 in Maces & Flails
  6144 | D:6      | Killed Maggie
  6145 | D:6      | Reached XP level 9. HP: 43/68 MP: 9/9
  6642 | D:6      | Reached skill level 7 in Maces & Flails
  7359 | D:7      | Found a staircase to the Ecumenical Temple.
  7368 | Temple   | Entered the Ecumenical Temple
  7703 | D:7      | Found a basalt altar of Yredelemnul.
  8449 | D:8      | Found a burning altar of Makhleb.
  8483 | D:8      | Found a white marble altar of Elyvilon.
  8552 | D:8      | Reached skill level 8 in Maces & Flails
  8913 | D:8      | Reached XP level 10. HP: 47/74 MP: 10/10
  9532 | D:7      | Reached skill level 9 in Maces & Flails
  9761 | D:8      | Identified the +7 hunting sling of Domination {speed, rC-
                  | Str+3}
 10192 | D:8      | Found a shimmering blue altar of Sif Muna.
 10710 | D:9      | Found an iron altar of Okawaru.
 10719 | D:9      | Became a worshipper of Warmaster Okawaru
 10744 | D:9      | Found a staircase to the Orcish Mines.
 10781 | D:9      | Reached skill level 1 in Invocations
 10809 | D:9      | Reached skill level 10 in Maces & Flails
 10902 | D:8      | Reached * piety under Okawaru
 11330 | D:8      | Reached XP level 11. HP: 26/79 MP: 12/12
 11685 | D:9      | Noticed Pikel
 11705 | D:8      | Killed Pikel
 12607 | D:10     | Entered Level 10 of the Dungeon
 12620 | D:10     | Reached ** piety under Okawaru
 12733 | D:10     | Reached skill level 10 in Shields
 12870 | D:10     | Found Reyky's Book Shop.
 12966 | D:10     | Reached skill level 11 in Maces & Flails
 13397 | D:11     | Found a staircase to the Lair.
 13397 | D:11     | Noticed a death yak
 13398 | D:11     | Noticed a death yak
 13758 | D:9      | Killed a death yak
 14325 | D:11     | Noticed a death yak
 14325 | D:11     | Noticed a death yak
 14326 | D:11     | Noticed a death yak
 14723 | D:11     | Reached skill level 5 in Invocations
 15005 | D:11     | Killed a death yak
 15005 | D:11     | Reached *** piety under Okawaru
 15013 | D:11     | Killed a death yak
 15036 | D:11     | Killed a death yak
 15036 | D:11     | Reached **** piety under Okawaru
 15344 | D:11     | Reached XP level 12. HP: 86/86 MP: 16/16
 15752 | D:12     | Reached skill level 12 in Maces & Flails
 15865 | D:12     | Noticed a two-headed ogre
 15867 | D:12     | Found a gate leading to a gauntlet.
 15876 | Gauntlet | Entered a Gauntlet
 15876 | Gauntlet | Found a transporter.
 15928 | Gauntlet | Found a transporter.
 15932 | Gauntlet | Found a transporter.
 15940 | Gauntlet | Found a transporter.
 15944 | Gauntlet | Found a transporter.
 15948 | Gauntlet | Noticed a glowing orange brain
 15948 | Gauntlet | Noticed a glowing orange brain
 15952 | Gauntlet | Found a transporter.
 15956 | Gauntlet | Found a transporter.
 15964 | Gauntlet | Found a transporter.
 15968 | Gauntlet | Found a transporter.
 15981 | Gauntlet | Noticed a death drake
 15985 | Gauntlet | Found a transporter.
 16011 | Gauntlet | Found a transporter.
 16023 | Gauntlet | Found a transporter.
 16036 | Gauntlet | Found a transporter.
 16049 | Gauntlet | Found a transporter.
 16050 | Gauntlet | Noticed a deep troll
 16050 | Gauntlet | an elephant changed into a deep troll
 16273 | Gauntlet | Identified the ring of Xom's Bemusement {rCorr Str+10
                  | Dex-5}
 16340 | Gauntlet | Killed a death drake
 16340 | Gauntlet | Reached ***** piety under Okawaru
 16545 | Gauntlet | Noticed a minotaur
 16555 | Gauntlet | HP: 4/86 [minotaur (31)]
 16561 | Gauntlet | Mangled by a minotaur

Illustrated notes

Levels and vault maps discovered:
D:1:      roderic_crop_circles_arrival_small, layout_basic
D:2:      layout_basic, shapermc_ecumenical_altar_venn, uniq_sigmund,
          uniq_natasha, uniq_robin
D:3:      layout_loops_cross, lemuel_tele_altar, portal_sewer_entry_b,
          serial_shops, nicolae_diamond_shop, guppyfry_early_lair_pool
D:4:      layout_basic, zin_purify, grunt_decor_junction
D:5:      layout_rooms, mainiacjoe_overflow_alcove_2,
          nicolae_ashenzari_skybound, mainiacjoe_overflow_six_doors_small,
          nicolae_qazlal_style_of_elements
D:6:      layout_loops_ring, nicolae_gozag_seed_capital,
          minmay_misc_feat_hallway, uniq_maggie
D:7:      layout_basic, yredelemnul_altar_generic, temple_hall
D:8:      layout_cave_pools, kennysheep_orc_sif_temple,
          mainiacjoe_overflow_catwalk, lightli_temple_of_fire
D:9:      layout_layer_cave, mainiacjoe_overflow_cross_hatched,
          kennysheep_orc_monster_closet_entryway, statue_in_the_mist_lemuel,
          serial_bayou_lagoon_a, uniq_pikel
D:10:     layout_long_grid, serial_shops, shop, chequers_serial_rivers_room_b
D:11:     layout_loops_ring, dpeg_lair_monsters, hangedman_decor_points
D:12:     lemuel_troll_bridge, layout_rooms, gauntlet_entry_generic
Temple:   eino_temple_lava
Gauntlet: gammafunk_gauntlet_77_escape_option
          [minmay_gauntlet_arena_77_checkered,
          minmay_gauntlet_arena_77_broken_ladder,
          minmay_gauntlet_arena_77_museum, minmay_gauntlet_arena_77_mess,
          minmay_gauntlet_arena_77_two_lines, gauntlet_exit_green]

Skill      XL: |  1  2  3  4  5  6  7  8  9 10 11 12 |
---------------+-------------------------------------+-----
Armour         | 2 3 4 6 7 8 9 |  9.5
Shields        | 2 3 4 5 6 7 9 10 11 | 11.3
Fighting       | 4 5 |  5.0
Maces & Flails | 2 4 6 8 10 11 12 | 12.6
Dodging        | 2 3 |  3.0
Invocations    | 2 5 7 |  7.1
Staves         | |  3.0
Stealth        | |  1.2

Action                   |  1- 3 |  4- 6 |  7- 9 | 10-12 || total
-------------------------+-------+-------+-------+-------++-------
Melee: Quarterstaff      |    74 |   184 |   246 |       ||   504
       Flail             |       |       |   206 |    24 ||   230
       Dire flail        |       |       |       |   628 ||   628
Throw: Dart              |       |       |     1 |       ||     1
Invok: Heroism           |       |       |       |    11 ||    11
       Finesse           |       |       |       |     1 ||     1
 Abil: Dig               |     1 |     2 |     8 |    13 ||    24
       Shaft Self        |       |     1 |       |       ||     1
Evoke: Wand              |       |       |     2 |     9 ||    11
  Use: Scroll            |     4 |     8 |    11 |     4 ||    27
       Potion            |       |     1 |     2 |     6 ||     9
 Stab: Invisible         |       |       |       |     5 ||     5
       Paralysed         |       |       |       |     9 ||     9
Armor: Robe              |     5 |       |       |       ||     5
       Chain mail        |    22 |    16 |       |       ||    38
       Skin              |       |     3 |     7 |       ||    10
       Ring mail         |       |   138 |   173 |   132 ||   443
Dodge: Dodged            |    10 |    90 |   184 |   178 ||   462
Block: Kite shield       |    31 |   128 |   228 |   256 ||   643

Table legend: (Time is in decaauts)
 A = Elapsed time spent in this place.
 B = Non-inter-level travel time spent in this place.
 C = Inter-level travel time spent in this place.
 D = Time resting spent in this place.
 E = Time spent auto-exploring this place.
 F = Levels seen in this place.
 G = Mean time per level.
                   A        B        C        D        E       F      G
               +--------+--------+--------+--------+--------+-----+--------+
         Total |  16625 |  16193 |    432 |   2264 |  10301 |  15 | 1108.3 |
       Dungeon |  14911 |  14484 |    427 |   2063 |   9235 |  12 | 1242.6 |
        Temple |     72 |     67 |      5 |      0 |     66 |   1 |   72.0 |
         Sewer |    989 |    989 |      0 |     37 |    672 |   1 |  989.0 |
      Gauntlet |    651 |    651 |      0 |    164 |    328 |   1 |  651.0 |
               +--------+--------+--------+--------+--------+-----+--------+

Top non-repeatable levels by time:
     D:8: 2152 daAuts
     D:6: 1984 daAuts
     D:9: 1676 daAuts
     D:7: 1497 daAuts
    D:11: 1397 daAuts
    D:10: 1145 daAuts
     D:4: 1129 daAuts
     D:2: 1101 daAuts
     D:1: 1050 daAuts
   Sewer: 989 daAuts
     D:3: 865 daAuts
     D:5: 660 daAuts
Gauntlet: 651 daAuts
    D:12: 251 daAuts
  Temple: 72 daAuts
